 Dungeon Crawl Stone Soup version 0.30.1-8-g117510f58f (webtiles) character file.

Game seed: 14222262878216744707

266 eliilek the Shield-Bearer (level 6, 0/50 (53) HPs)
             Began as a Minotaur Fighter on Sept 23, 2023.
             Was a Follower of Trog.
             Slain by a wight
             ... wielding a +4 trident
              (1 damage)
             ... on level 7 of the Dungeon.
             The game lasted 00:08:53 (2166 turns).

eliilek the Shield-Bearer (Minotaur Fighter)        Turns: 2166, Time: 00:08:54

HP:   0/50 (53)     AC: 13    Str: 20    XL:     6   Next: 0%
MP:   5/5           EV:  5    Int:  5    God:    Trog [*.....]
Gold: 78            SH:  6    Dex: 18    Spells: 5/5 levels left

rFire   . . .        a - +0 flail
rCold   . . .        c - +0 buckler
rNeg    . . .        f - +0 plate armour
rPois   .            o - +1 hat
rElec   .            (no cloak)
rCorr   .            (no gloves)
SInv    .            (no boots)
Will    .....        (no amulet) Stlth
                     b - +6 ring of dexterity
HPRegen 0.28/turn    (no ring)
MPRegen 0.09/turn

%: no passive effects
@: hasted, drained, very quick
A: horns 2, retaliatory headbutt
a: Renounce Religion, Berserk


You were on level 7 of the Dungeon.
You worshipped Trog.
Trog was aware of your devotion.
You visited 1 branch of the dungeon, and saw 5 of its levels.

You collected 78 gold pieces.

Inventory:

Hand Weapons
 a - a +0 flail (weapon)
Missiles
 n - 5 poisoned darts (quivered)
Armour
 c - a +0 buckler (worn)
 f - a +0 plate armour (worn)
 o - a +1 hat (worn)
Jewellery
 b - a +6 ring of dexterity (left hand)
Scrolls
 e - 3 scrolls of teleportation {unknown}
 g - a scroll of fog {unknown}
 h - a scroll of amnesia {unknown}
 m - a scroll of blinking {unknown}
 p - a scroll of immolation {unknown}
 q - a scroll of silence
 s - a scroll of identify {unknown}
Potions
 d - a potion of might
 i - a potion of curing {unknown}
 j - a potion of haste
 k - a potion of brilliance {unknown}
 l - 2 potions of heal wounds {unknown}
 r - a potion of ambrosia {unknown}


   Skills:
 + Level 4.6 Fighting
 * Level 4.9 Maces & Flails
 + Level 4.6 Armour
 * Level 5.4 Shields


You had 5 spell levels left.
You didn't know any spells.
Your spell library was empty.

Dungeon Overview and Level Annotations

Branches:
Dungeon (4/15)
 Temple: D:4-7

Altars:
Qazlal
Trog


Innate Abilities, Weirdness & Mutations

You have a pair of horns on your head.
You reflexively headbutt those who attack you in melee.


Message History

You barely miss the wight.
You headbutt the wight, but do no damage.
You hit the wight.
The wight is lightly damaged.
The wight barely misses you.
You hit the wight.
The wight is lightly damaged.
The wight barely misses you. You furiously retaliate!
You headbutt the wight. You hit the wight.
The wight is heavily damaged.
You block the wight's attack.
A wight comes into view. It is wielding a +4 trident.
The wight barely misses you.
The wight hits you with a +0 dire flail.
You feel drained.
You sock the wight!
You destroy the wight!
Trog accepts your kill.
The wight hits you with a +0 dire flail!
You feel drained.
You hit the wight. Your headbutt misses the wight.
The wight is heavily damaged.
The wight hits you with a +0 dire flail!
* * * LOW HITPOINT WARNING * * *
You sock the wight!
You destroy the wight!
Trog accepts your kill.
Your life force feels restored.
You have reached level 6!
It was a potion of haste.
You feel yourself speed up. The wight hits you with a +4 trident.
* * * LOW HITPOINT WARNING * * *
You feel drained.
* * * LOW HITPOINT WARNING * * *
Things that are here:
a +0 battleaxe; a +0 robe You barely miss the wight.
The wight hits you with a +4 trident.
* * * LOW HITPOINT WARNING * * *
You feel drained.
You die...

#.....## #......###
#.# #........# #.#
#........### #.#
#..........## #.#
#####...##..# #.#
#...###.###.#
#######†.##z#
.........##@#
.........##.#####.#
.........##.).....#
...................
.#######..#########
#..# ##.# #.. #.#


You could see a wight.

Vanquished Creatures
  2 wights (D:7)
  A hound (D:7)
  Terence (D:3)
  An iguana (D:7)
  2 adders (D:2)
  A white imp (D:7)
  2 dart slugs (D:2)
  2 ball pythons
  6 endoplasms
  2 giant cockroaches
  10 goblins
  2 hobgoblins
  4 jackals (D:3)
  3 quokkas
  6 bats
  3 frilled lizards
  2 kobolds
  4 rats
54 creatures vanquished.

Notes
Turn   | Place    | Note
-------+----------+-------------------------------------------
     0 | D:1      | eliilek the Minotaur Fighter began the quest for the Orb.
     0 | D:1      | Reached XP level 1. HP: 19/19 MP: 0/0
   366 | D:1      | Reached XP level 2. HP: 27/27 MP: 1/1
   617 | D:2      | Reached skill level 4 in Shields
   675 | D:2      | Reached XP level 3. HP: 33/33 MP: 2/2
   820 | D:2      | Found a bloodstained altar of Trog.
   882 | D:2      | Became a worshipper of Trog the Wrathful
  1254 | D:3      | Noticed Terence
  1258 | D:3      | Killed Terence
  1259 | D:3      | Reached XP level 4. HP: 34/40 MP: 3/3
  1852 | D:3      | Reached * piety under Trog
  1937 | D:3      | Found a stormy altar of Qazlal.
  2085 | D:4      | You fall into a shaft and drop 3 floors!
  2131 | D:7      | Reached XP level 5. HP: 44/46 MP: 4/4
  2147 | D:7      | Reached skill level 5 in Shields
  2164 | D:7      | Reached XP level 6. HP: 9/53 MP: 5/5
  2166 | D:7      | HP: 1/52 [wight/+4 trident (3)]
  2166 | D:7      | Slain by a wight

Illustrated notes

Levels and vault maps discovered:
D:1:      erik_arrival_triangle_small, layout_rooms, roderic_filled_cross
D:2:      layout_basic, basic_altar
D:3:      layout_basic, nicolae_qazlal_eye_of_the_storm,
          minmay_goblin_kobold_house, uniq_terence
D:4:      layout_loops_ring, nicolae_uskayaw_en_pointe, tso_oasis_becter,
          gup_sewer_entry_pipe, gammafunk_ghost_arena
D:7:      layout_basic, nicolae_overflow_hidden_temple,
          grunt_temple_overflow_open, minmay_temple_entry_mist, enter_bailey_1,
          uniq_joseph, uniq_duvessa

Skill      XL: |  1  2  3  4  5 |
---------------+----------------+-----
Maces & Flails | 3 4 |  4.9
Shields        | 4 5 |  5.4
Fighting       | 4 |  4.6
Armour         | 4 |  4.6

Action                     |  1- 3 |  4- 6 || total
---------------------------+-------+-------++-------
  Melee: Flail             |    59 |    56 ||   115
         Headbutt          |    13 |    10 ||    23
    Use: Scroll            |       |     1 ||     1
         Potion            |       |     1 ||     1
 Armour: Plate armour      |    38 |    27 ||    65
         Scale mail        |     2 |       ||     2
  Dodge: Dodged            |    17 |     8 ||    25
  Block: Buckler           |    17 |    15 ||    32
